 Dungeon Crawl Stone Soup version 0.24.0-1-gfbc8707122 (webtiles) character file.

Game seed: 13348426391981005940, levelgen mode: deterministic

14737 MisterOstroum the Archer (level 11, -6/153 HPs)
             Began as a Centaur Wizard on Oct 27, 2019.
             Was an Elder of Okawaru.
             Hit by a silver javelin thrown by a minotaur (15 damage)
             ... in a Gauntlet.
             The game lasted 01:03:02 (22843 turns).

MisterOstroum the Archer (Centaur Wizard)          Turns: 22843, Time: 01:03:02

Health: -6/153     AC: 25    Str: 18    XL:     11   Next: 92%
Magic:  15/16      EV:  1    Int: 17    God:    Okawaru [****..]
Gold:   525        SH:  2    Dex:  8    Spells: 10/14 levels left

rFire    . . .     SeeInvis .   b - +8 longbow (freeze)
rCold    . . .     Gourm    .   (shield currently unavailable)
rNeg     + + +     Faith    .   (armour currently unavailable)
rPois    +         Spirit   .   (helmet currently unavailable)
rElec    .         Reflect  +   (cloak currently unavailable)
rCorr    +         Harm     .   (gloves currently unavailable)
MR       .....     NoTele   +   (no barding)
Stlth    +++.......             A - +2 amulet of reflection
HPRegen  0.35/turn              U - ring of resist corrosion
MPRegen  0.15/turn              J - ring of poison resistance

@: mighty, tree-form, heroism
A: large
a: Heroism, Renounce Religion


You were in a Gauntlet.
You worshipped Okawaru.
Okawaru was greatly pleased with you.
You were not hungry.
You were a tree.
You visited 3 branches of the dungeon, and saw 16 of its levels.
You also visited: Ossuary and Gauntlet.

You collected 753 gold pieces.
You spent 228 gold pieces at shops.

Inventory:

Hand Weapons
 a - a +0 halberd of flaming
 b - a +8 longbow of freezing (weapon)
 I - a +2 war axe of freezing
Missiles
 f - 41 arrows (quivered)
 G - 49 poisoned darts
Armour
 d - a +0 plate armour (melded)
 t - a +1 cloak (melded)
 z - a cursed +2 helmet (melded)
 C - a scarf of resistance
Jewellery
 g - the amulet of Doicut {+Fly rC- Regen+ Dex+4, unknown}
   (You found it in a Gauntlet)

   [amulet of regeneration]

   It affects your dexterity (+4).
   It makes you vulnerable to cold.
   It lets you fly.
   It increases your rate of regeneration.
 j - a +2 ring of dexterity
 p - an uncursed ring of protection from cold
 r - an uncursed ring of protection from magic {unknown}
 y - an uncursed ring of wizardry
 A - a +2 amulet of reflection (around neck)
 J - a ring of poison resistance (right branch)
 O - an uncursed ring of positive energy
 U - a ring of resist corrosion (left branch)
Wands
 i - a wand of disintegration (14)
 N - a wand of digging (6)
 P - a wand of flame (15)
 S - a wand of scattershot (3)
Scrolls
 c - 5 scrolls of teleportation {@r3 !r}
 l - 6 scrolls of remove curse {@r2}
 m - 2 scrolls of blinking {unknown}
 n - a scroll of immolation
 K - a scroll of torment
 Q - 2 scrolls of fear {!r}
Potions
 h - a potion of haste {@q4 !q}
 k - 10 potions of curing {@q1 !q}
 q - 5 potions of heal wounds
 s - a potion of flight
 u - 2 potions of lignification {@q6}
 w - 3 potions of mutation
 x - a potion of cancellation {unknown}
 L - a potion of ambrosia {unknown}
 R - a potion of brilliance
Comestibles
 e - 15 rations
 o - a chunk of flesh


   Skills:
 - Level 11.1(16.1) Fighting
 - Level 8.1(13.1) Polearms
 - Level 12.0(17.0) Bows
 + Level 1.1(6.1) Armour
 + Level 2.0(7.0) Dodging
 - Level 1.1(6.1) Stealth
 - Level 2.4 Spellcasting
 - Level 2.0 Conjurations
 - Level 2.1 Hexes
   Level 0.8 Summonings
 - Level 2.6 Translocations
 - Level 7.7 Invocations
 * Level 2.2 Evocations


You had 10 spell levels left.
You knew the following spells:

 Your Spells              Type           Power        Failure   Level  Hunger
a - Magic Dart            Conj           #...         8%          1    #......
b - Blink                 Tloc           N/A          10%         2    ##.....
c - Corona                Hex            #......      8%          1    #......

Your spell library contained the following spells:

 Spells                   Type           Power        Failure   Level  Hunger
 Slow                     Hex            #.......     12%         2    ##.....
 Ensorcelled Hibernation  Hex/Ice        #.....       19%         2    ##.....
 Call Imp                 Summ           #.......     21%         2    ##.....
 Confuse                  Hex            #.......     24%         3    ###....
 Dazzling Spray           Conj/Hex       #.....       24%         3    ###....
 Tukima's Dance           Hex            #.......     24%         3    ###....
 Corpse Rot               Necr           N/A          28%         2    ##.....
 Conjure Flame            Conj/Fire      #.......     36%         3    ###....
 Stone Arrow              Conj/Erth      #.....       36%         3    ###....
 Mephitic Cloud           Conj/Pois/Air  #.......     38%         3    ###....
 Leda's Liquefaction      Hex/Erth       #.........   77%         4    #####..
 Summon Forest            Summ/Tloc      #.........   94%         5    ######.
 Bolt of Magma            Conj/Fire/Erth #.........   98%         5    ######.
 Iskenderun's Battlesphe  Conj/Chrm      #.......     98%         5    ######.
 Venom Bolt               Conj/Pois      #.........   98%         5    ######.
 Hydra Form               Tmut           #.........   100%        6    #######
 Iron Shot                Conj/Erth      #.........   100%        6    #######
 Orb of Destruction       Conj           #.........   100%        7    #######
 Spellforged Servitor     Conj/Summ      #.........   100%        7    #######
 Summon Hydra             Summ           #.........   100%        7    #######


Dungeon Overview and Level Annotations

Branches:
Dungeon (9/15)             Temple (1/1) D:4            Lair (6/6) D:9
Ossuary (visited)         Gauntlet (1/1)
  Swamp: Lair:2-4    Shoals: Lair:2-4     Snake: Lair:2-4    Spider: Lair:2-4
  Slime: Lair:5-6       Orc: D:9-12

Altars:
Ashenzari
Cheibriados
Dithmenos
Elyvilon
Fedhas
Gozag
Hepliaklqana
Kikubaaqudgha
Makhleb
Nemelex Xobeh
Okawaru
Qazlal
Sif Muna
Trog
Vehumet
Wu Jian
Xom
Yredelemnul
Zin
The Shining One

Shops:
D:6 !

Annotations:
D:2 Natasha, Sigmund
D:3 Ijyb
D:9 exclusion: door, Erica Gauntlet 6 transporters, exclusion: oklob plant


Innate Abilities, Weirdness & Mutations

((You have hooves in place of feet.))
((Armour fits poorly on your strangely shaped body.))
((You cover ground very quickly.))
((You have extremely tough skin. (AC +3)))


Message History

You shoot an arrow. The arrow closely misses the redback.
You feel like a meek peon again.
Firing (i - inventory. (/) - cycle)
f - 45 arrows (quivered)
Press: ? - help, Shift-Dir - straight line, f/p - redback
Aim: a redback (clinging)
You shoot an arrow. The arrow hits the redback!
The arrow freezes the redback.
The redback is heavily wounded.
Firing (i - inventory. (/) - cycle)
f - 44 arrows (quivered)
Press: ? - help, Shift-Dir - straight line, f/p - redback
Aim: a redback (heavily wounded)
You shoot an arrow. The arrow hits the redback!!
The arrow freezes the redback.
You kill the redback!
Okawaru accepts your kill.
f - 44 arrows (gained 1)
You see here a redback corpse.
Really attack while wielding your +8 longbow of freezing? [Y]es or [N]o only, please.
Really attack while wielding your +8 longbow of freezing? [Y]es or [N]o only, please.
Really attack while wielding your +8 longbow of freezing?
Okay, then.
There is a transporter landing site here.
There isn't anything here!
You see here an entropy weaver corpse.
You butcher the entropy weaver corpse.
o - a chunk of flesh Your extra speed is starting to run out.
f - 45 arrows (gained 1) Really attack while wielding your +8 longbow of freezing? [Y]es or [N]o only, please.
Really attack while wielding your +8 longbow of freezing?
Okay, then.
r - a bone ring You feel yourself slow down.
There is a transporter here.
You see here a plate armour.
m - 2 scrolls labeled LIANGISITI (gained 1)
You are no longer corroded.
You see here a plate armour.
There is a transporter here.
You enter the transporter and appear at another place.
The hell beast bellows!
You gain the combat prowess of a mighty hero.
Okay, then.
Unknown command.
You open the door.
A minotaur comes into view. It is wielding a staff of fire.
The minotaur bellows!
The minotaur throws a silver javelin.
The silver javelin pierces through you!!
Found a wand of disintegration (5).
Found a gate leading back out of this place.
Really quaff the potion of lignification? [Y]es or [N]o only, please.
Really quaff the potion of lignification?
You turn into a tree.
Your +1 cloak melds into your body.
Your cursed +2 helmet melds into your body.
Your +0 plate armour melds into your body.
Your roots penetrate the ground.
The minotaur throws a silver javelin.
The silver javelin pierces through you! The silver sears you!
Firing (i - inventory. (/) - cycle)
f - 45 arrows (quivered)
Press: ? - help, Shift-Dir - straight line, f - minotaur
Aim: a minotaur, wielding a staff of fire, wearing a +0 plate armour and wearing an uncursed amulet of magic regeneration You shoot an arrow.
The arrow hits the minotaur!!
The arrow freezes the minotaur!
The minotaur is heavily wounded.
The minotaur throws a silver javelin.
The silver javelin pierces through you! The silver sears you!
Firing (i - inventory. (/) - cycle)
f - 44 arrows (quivered)
Press: ? - help, Shift-Dir - straight line, f/p - minotaur
Aim: a minotaur, wielding a staff of fire, wearing a +0 plate armour and wearing an uncursed amulet of magic regeneration (heavily wounded)
You shoot an arrow.
The arrow hits the minotaur but does no damage.
The minotaur is heavily wounded.
The minotaur throws a silver javelin.
The silver javelin pierces through you!
* * * LOW HITPOINT WARNING * * *
The silver sears you!
* * * LOW HITPOINT WARNING * * *
Firing (i - inventory. (/) - cycle)
f - 43 arrows (quivered)
Press: ? - help, Shift-Dir - straight line, f/p - minotaur
Aim: a minotaur, wielding a staff of fire, wearing a +0 plate armour and wearing an uncursed amulet of magic regeneration (heavily wounded)
You shoot an arrow. The arrow hits the minotaur!
The arrow freezes the minotaur.
The minotaur is severely wounded.
The minotaur throws a silver javelin.
The silver javelin pierces through you but does no damage.
The silver sears you!
* * * LOW HITPOINT WARNING * * *
Firing (i - inventory. (/) - cycle)
f - 42 arrows (quivered)
Press: ? - help, Shift-Dir - straight line, f/p - minotaur
Aim: a minotaur, wielding a staff of fire, wearing a +0 plate armour and wearing an uncursed amulet of magic regeneration (severely wounded)
You shoot an arrow. The arrow hits the minotaur.
The arrow freezes the minotaur.
The minotaur is severely wounded.
You feel a little less agile now.
The minotaur throws a silver javelin.
The silver javelin pierces through you!!
* * * LOW HITPOINT WARNING * * *
The silver sears you!
You die...

#8#
#§...............
#8 ###
#8§8.8..©.©..8.8.
#§...............
###.##.##.##.##.#
##.##.##.##.##.#
#.....(.........
#.##.##.##.##.##
#.##.##.##.##.#
#......♣.......
###.##.#'###.##
#. .# .# .. H# .
#.# .# #. ∩# ..
## .#


You could see a minotaur.

Vanquished Creatures
  An entropy weaver (Gauntlet)
  A necromancer (Gauntlet)
  2 black mambas
  2 spiny frogs (Lair:1)
  A rust devil (Gauntlet)
  5 komodo dragons
  A rime drake (Lair:4)
  A dream sheep (Lair:4)
  A hippogriff (Lair:4)
  2 redbacks (Gauntlet)
  A spriggan (D:7)
  17 yaks
  A ynoxinul (Gauntlet)
  Edmund (D:4)
  6 porcupines
  8 water moccasins
  2 orc warriors
  2 phantoms
  An ice beast (D:8)
  5 sky beasts
  2 ogres
  A centaur (D:8)
  7 wolves
  7 crocodiles
  An elf zombie (Ossuary)
  A big kobold (D:6)
  12 bullfrogs
  3 scorpions
  3 wights
  2 howler monkeys
  4 crimson imps
  A human zombie (Ossuary)
  5 jellies
  3 orc wizards
  A bullfrog skeleton (D:6)
  9 orc priests
  A gnoll shaman (D:8)
  7 hounds
  2 centaur skeletons
  2 iron imps (Gauntlet)
  2 iguanas
  8 worker ants
  4 big kobold zombies (Ossuary)
  A hound zombie (D:5)
  2 mummies (Ossuary)
  A worker ant zombie (D:7)
  8 gnolls
  14 adders
  2 oozes
  2 adder skeletons
  An adder zombie (Ossuary)
  5 worms
  4 dart slugs (D:2)
  7 leopard geckos
  20 orcs
  2 giant cockroaches
  10 hobgoblins
  8 jackals
  4 quokkas
  3 bats
  2 frilled lizards
  7 goblins
  2 goblin zombies (Ossuary)
  8 hobgoblin zombies (Ossuary)
  2 jackal skeletons
  A jackal zombie (Ossuary)
  11 kobolds
  11 kobold zombies (Ossuary)
  7 orc zombies (Ossuary)
  A quokka skeleton (D:6)
  6 rats
  A rat zombie (Ossuary)
  A fungus (Lair:2)
  A plant (Gauntlet)
304 creatures vanquished.

Vanquished Creatures (others)
  A giant cockroach (D:4)
  A bush (Lair:2)
  7 fungi
  13 plants
22 creatures vanquished.

Grand Total: 326 creatures vanquished

Notes
Turn   | Place    | Note
-------+----------+-------------------------------------------
     0 | D:1      | MisterOstroum the Centaur Wizard began the quest for the
                  | Orb.
     0 | D:1      | Reached XP level 1. HP: 14/14 MP: 3/3
    72 | D:1      | Reached skill level 1 in Fighting
   211 | D:1      | Reached XP level 2. HP: 15/24 MP: 1/5
   794 | D:1      | Reached skill level 1 in Conjurations
  1266 | D:2      | Reached XP level 3. HP: 24/29 MP: 0/6
  1637 | D:2      | Reached skill level 1 in Polearms
  1974 | D:2      | Reached XP level 4. HP: 36/36 MP: 3/7
  2154 | D:2      | Found an ancient bone altar of Kikubaaqudgha.
  2250 | D:2      | Noticed Sigmund
  2423 | D:2      | Learned a level 2 spell: Blink
  2527 | D:2      | Noticed Natasha
  3016 | D:3      | HP: 1/37 [adder (1)]
  3356 | D:3      | Reached XP level 5. HP: 39/42 MP: 4/8
  3863 | D:3      | Noticed Ijyb
  3952 | D:4      | Found a shimmering altar of Xom.
  3956 | D:4      | Found a stormy altar of Qazlal.
  4221 | D:4      | Reached XP level 6. HP: 42/52 MP: 7/9
  4448 | D:4      | Found a staircase to the Ecumenical Temple.
  4454 | Temple   | Entered the Ecumenical Temple
  4498 | D:4      | Found a sand-covered staircase.
  4502 | Ossuary  | Entered an ossuary
  4786 | Ossuary  | Reached skill level 1 in Translocations
  5137 | Ossuary  | Reached XP level 7. HP: 43/59 MP: 4/10
  5829 | Temple   | Became a worshipper of Warmaster Okawaru
  6137 | D:4      | Found an ornate altar of the Wu Jian Council.
  6318 | D:5      | Entered Level 5 of the Dungeon
  6454 | D:5      | Noticed Edmund
  6677 | D:4      | Killed Edmund
  6866 | D:5      | Reached skill level 5 in Fighting
  7154 | D:4      | Reached skill level 5 in Polearms
  7654 | D:4      | Reached XP level 8. HP: 66/70 MP: 11/11
  7737 | D:5      | Reached * piety under Okawaru
  7952 | D:5      | Learned a level 1 spell: Corona
  8784 | D:6      | Found a radiant altar of Vehumet.
  8825 | D:6      | Reached skill level 1 in Hexes
  9087 | D:6      | Found a shadowy altar of Dithmenos.
  9252 | D:6      | Found Datony's Distillery.
  9260 | D:6      | Bought a potion of curing for 36 gold pieces
  9260 | D:6      | Bought a potion of curing for 36 gold pieces
  9260 | D:6      | Bought a potion of curing for 36 gold pieces
  9260 | D:6      | Bought a potion of curing for 36 gold pieces
  9260 | D:6      | Bought a potion of flight for 36 gold pieces
  9260 | D:6      | Bought a potion of might for 48 gold pieces
 10556 | D:7      | Found a glowing golden altar of the Shining One.
 10682 | D:7      | Reached XP level 9. HP: 55/79 MP: 5/12
 11117 | D:7      | Reached ** piety under Okawaru
 11609 | D:7      | Found a shimmering altar of Xom.
 12033 | D:7      | Reached skill level 1 in Invocations
 12388 | D:7      | Found a snail-covered altar of Cheibriados.
 12685 | D:8      | Found an opulent altar of Gozag.
 12817 | D:8      | Found a glowing silver altar of Zin.
 13030 | D:8      | Found a stormy altar of Qazlal.
 13927 | D:9      | Noticed Erica
 14036 | D:8      | Reached skill level 1 in Bows
 14235 | D:9      | Reached skill level 2 in Bows
 14503 | D:8      | Reached skill level 3 in Bows
 14765 | D:9      | Found a staircase to the Lair.
 14833 | D:9      | Reached skill level 4 in Bows
 16241 | Lair:1   | Entered Level 1 of the Lair of Beasts
 16288 | Lair:1   | Reached skill level 5 in Bows
 16288 | Lair:1   | Reached XP level 10. HP: 84/90 MP: 10/13
 16308 | Lair:1   | Reached *** piety under Okawaru
 16353 | Lair:1   | Noticed a spiny frog
 16461 | Lair:1   | Killed a spiny frog
 16461 | Lair:1   | Reached skill level 6 in Bows
 16486 | Lair:2   | Noticed a black mamba
 16503 | Lair:1   | Killed a black mamba
 16503 | Lair:1   | Reached skill level 7 in Bows
 16503 | Lair:1   | Reached skill level 5 in Invocations
 16957 | Lair:2   | Reached skill level 8 in Bows
 17188 | Lair:2   | Reached skill level 9 in Bows
 17533 | Lair:2   | Noticed an elephant
 17533 | Lair:2   | Noticed an elephant
 17533 | Lair:2   | Noticed an elephant
 17533 | Lair:2   | Noticed an elephant
 17533 | Lair:2   | Noticed an elephant
 17533 | Lair:2   | Noticed an elephant
 17579 | Lair:1   | Noticed a spiny frog
 17594 | Lair:1   | Killed a spiny frog
 17594 | Lair:1   | Reached **** piety under Okawaru
 17606 | Lair:1   | Reached skill level 10 in Bows
 17794 | Lair:1   | Received a gift from Okawaru
 17794 | Lair:1   | Reached skill level 10 in Fighting
 17794 | Lair:1   | Reached XP level 11. HP: 53/99 MP: 14/14
 18315 | Lair:1   | Reached skill level 11 in Bows
 18779 | Lair:3   | Found the cursed +13 scythe of Curses {drain, *Curse}
 20303 | Lair:4   | Reached skill level 12 in Bows
 20869 | Lair:4   | Received a gift from Okawaru
 21637 | Lair:6   | Entered Level 6 of the Lair of Beasts
 21637 | Lair:6   | Found a sparkling altar of Nemelex Xobeh.
 21673 | Lair:5   | Identified a scroll of acquirement
 21938 | Lair:5   | Found a gate leading to a gauntlet.
 21957 | Gauntlet | Entered a Gauntlet
 21957 | Gauntlet | Found a transporter.
 21957 | Gauntlet | Found a transporter.
 21957 | Gauntlet | Noticed an oklob plant
 21973 | Gauntlet | Found a transporter.
 21977 | Gauntlet | Found a transporter.
 21986 | Gauntlet | Noticed a necromancer
 21991 | Gauntlet | Found a transporter.
 21993 | Gauntlet | Found a transporter.
 22000 | Gauntlet | Noticed an entropy weaver
 22001 | Gauntlet | Found a transporter.
 22022 | Gauntlet | Found a transporter.
 22022 | Gauntlet | Noticed a hell beast
 22028 | Gauntlet | Found a transporter.
 22031 | Gauntlet | Found a transporter.
 22032 | Gauntlet | Noticed a sixfirhy
 22041 | Gauntlet | Found a transporter.
 22045 | Gauntlet | Found a transporter.
 22222 | Gauntlet | Got a heavily runed iron amulet
 22332 | Gauntlet | Killed a necromancer
 22779 | Gauntlet | Killed an entropy weaver
 22779 | Gauntlet | Reached skill level 1 in Armour
 22838 | Gauntlet | Noticed a minotaur
 22843 | Gauntlet | Hit by a silver javelin thrown by a minotaur

Levels and vault maps discovered:
D:1:      scummos_arrival_checkerplants, layout_basic
D:2:      layout_loops_ring, kiku_gazebo_pond_becter, first_ration,
          uniq_sigmund, uniq_natasha
D:3:      minmay_evil_eye, layout_loops_ring, uniq_ijyb
D:4:      layout_basic, grunt_qazlal_sundering, xom_confusion_cloud,
          kennysheep_mini, minmay_temple_entry_fiery, enter_ossuary_5
D:5:      layout_basic, uniq_edmund
D:6:      layout_loops_ring, grunt_dithmenos_smoke,
          nicolae_overflow_hidden_temple, fiery_altar_vehumet, serial_shops,
          shop, minmay_misc_feat_more_columns
D:7:      layout_rooms, cheibrodos_worm_habitat, lemuel_coloured_pillars_altar,
          basic_altar, the_bakery
D:8:      layout_layer_cave, lemuel_crystal_altar, basic_altar,
          nicolae_gozag_cash_rules_everything_around_me
D:9:      layout_roguey, dpeg_oklobed_lair, uniq_erica
Temple:   chequers_temple_sunken
Lair:1:   layout_long_grid, grunt_megastairs_1, infiniplex_staircase_pool_2
Lair:2:   regret_index_wax_grids, layout_misc_corridors, dummy_spider_entry,
          grunt_megastairs_5
Lair:3:   layout_cave_pods, lemuel_fruit_tree, grunt_megastairs_2
Lair:4:   layout_concentric_octagons, elwin_shoals_entry_rocks, uniq_urug
Lair:5:   layout_cave_shapes, gauntlet_entry_generic, lemuel_fruit_fields,
          lemuel_fruit_fields
Lair:6:   wormcave, layout_loops_ring, hangedman_lair_tendril_chambers,
          dpeg_slime_entry_corner, basic_altar
Gauntlet: gammafunk_gauntlet_hard_choice [nicolae_gauntlet_arena_x,
          gammafunk_gauntlet_arena_teeth, nicolae_gauntlet_arena_grate_2,
          gammafunk_gauntlet_arena_open, gammafunk_gauntlet_arena_hedges,
          gammafunk_gauntlet_arena_split_x, gauntlet_exit_green]

Skill      XL: |  1  2  3  4  5  6  7  8  9 10 11 |
---------------+----------------------------------+-----
Fighting       | 1 2 3 4 5 7 8 10 11 | 11.1
Conjurations   | 1 2 |  2.0
Polearms       | 1 2 3 4 5 7 8 |  8.1
Translocations | 2 |  2.6
Hexes          | 2 |  2.1
Invocations    | 4 5 7 |  7.7
Bows           | 5 10 12 | 12.0
Armour         | 1 |  1.1
Dodging        | 2 |  2.0
Evocations     | 2 |  2.2
Stealth        | |  1.1
Spellcasting   | |  2.4
Summonings     | |  0.8

Action                   |  1- 3 |  4- 6 |  7- 9 | 10-12 || total
-------------------------+-------+-------+-------+-------++-------
Melee: Club              |    11 |       |       |       ||    11
       Dagger            |    13 |       |       |       ||    13
       Unarmed           |     5 |       |       |       ||     5
       Kick              |     4 |    24 |    89 |    70 ||   187
       Spear             |    23 |   316 |   297 |       ||   636
       Trident           |       |       |   286 |       ||   286
       Halberd           |       |       |    92 |   325 ||   417
       War axe           |       |       |       |    14 ||    14
 Fire: Shortbow          |       |       |    46 |   168 ||   214
       Hunting sling     |       |       |     9 |       ||     9
       Longbow           |       |       |       |    20 ||    20
Throw: Boomerang         |       |       |    43 |       ||    43
       Dart              |       |       |    12 |     9 ||    21
 Cast: Magic Dart        |    82 |   151 |   211 |       ||   444
       Corona            |       |       |    20 |       ||    20
Invok: Heroism           |       |       |     6 |    20 ||    26
  Use: Potion            |       |     6 |       |     5 ||    11
       Scroll            |       |     4 |       |    20 ||    24
  Eat: Chunk             |     3 |     4 |    20 |    17 ||    44
       Ration            |       |     2 |     3 |     1 ||     6
Armor: Robe              |    26 |    49 |   142 |       ||   217
       Skin              |       |    14 |       |     1 ||    15
       Chain mail        |       |       |     4 |       ||     4
       Plate armour      |       |       |    29 |   197 ||   226
Dodge: Dodged            |    31 |    79 |   181 |    44 ||   335
Block: Other             |       |     3 |    23 |    23 ||    49
       Reflection        |       |       |     2 |       ||     2
